 Dungeon Crawl Stone Soup version 0.20-a0-1025-g4706f7e (webtiles) character file.

23 syzygy the Magician (level 3, -1/43 HPs)
             Began as a Hill Orc Wizard on Apr 19, 2017.
             Slain by an adder (2 damage)
             ... on level 1 of the Dungeon.
             The game lasted 00:03:41 (1147 turns).

syzygy the Magician (Hill Orc Wizard)               Turns: 1147, Time: 00:03:42

Health: -1/43      AC: 21    Str:  9    XL:     3   Next: 0%
Magic:  0/6        EV:  2    Int: 19    God:
Gold:   69         SH:  0    Dex:  9    Spells: 5/6 levels left

rFire    . . .     SeeInvis .   h - +0 dagger
rCold    . . .     Gourm    .   (no shield)
rNeg     + + +     Faith    .   (armour currently unavailable)
rPois    +         Spirit   .   (helmet currently unavailable)
rElec    .         Reflect  .   (cloak currently unavailable)
rCorr    .         Harm     .   (gloves currently unavailable)
MR       .....     NoTele   +   (boots currently unavailable)
Stlth    ++........             (no amulet)
Regen    0.2/turn               (no ring)
MPRegen  0.1/turn               (no ring)

@: lethally poisoned (-1 -> -14), tree-form, very slightly contaminated
A: no striking features
a: no special abilities


You were on level 1 of the Dungeon.
You were very hungry.
You were a tree.
You visited 1 branch of the dungeon, and saw 2 of its levels.

You collected 69 gold pieces.

Inventory:

Hand Weapons
 h - a +0 dagger (weapon)
Armour
 a - a +0 robe (melded)
 b - a +0 hat (melded)
Scrolls
 e - a scroll of remove curse {unknown}
Books
 c - a book of Minor Magic

   Spells                             Type                      Level
   a - Magic Dart                     Conjuration                  1
   b - Blink                          Translocation                2
   c - Call Imp                       Summoning                    2
   d - Slow                           Hexes                        2
   e - Conjure Flame                  Conjuration/Fire             3
   f - Mephitic Cloud                 Conjuration/Poison/Air       3
Comestibles
 d - a bread ration
 f - 4 fruits


   Skills:
 + Level 2.2 Fighting
 - Level 1.5 Dodging
 - Level 1.5 Stealth
 - Level 2.4 Spellcasting
 + Level 1.9 Conjurations
   Level 1.0 Summonings
   Level 0.7 Translocations


You had 5 spell levels left.
You knew the following spells:

 Your Spells              Type           Power        Failure   Level  Hunger
a - Magic Dart            Conj           #...         8%          1    #......


Dungeon Overview and Level Annotations

Branches:
Dungeon (2/15)

Altars:


Message History

Unknown command.
You barely miss the adder.
The adder is almost dead.
* * * LOW HITPOINT WARNING * * *
You feel sick. The frilled lizard closely misses you. The adder bites you.
* * * LOW HITPOINT WARNING * * *
You are more poisoned.
The adder poisons you!
It was a potion of lignification.
You turn into a tree.
Your +0 hat melds into your body.
Your +0 robe melds into your body.
Your roots penetrate the ground.
* * * LOW HITPOINT WARNING * * *
You feel sick.
The frilled lizard bites you but does no damage.
The adder bites you but does no damage.
You closely miss the adder.
The adder is almost dead.
* * * LOW HITPOINT WARNING * * *
You feel sick. The adder bites you.
You die...

##.##.##.##......#.
#........#########.
#.....##.####### #.
#.[.####.#.....# #.
##.#####.#.....# #.
#.......#.....# #.
#.#######.....# ## #S#
#.....# # #♣# ###.######
#l# ####.##...# #.#
#.........#
##########.######.####....#
#.......##........# #.#.##
#.#####......###### #.....
##.#####..###.# #####.##
#.>...##..###.# #.....##
#).##.......#.# #.#####.


You could see an adder and a frilled lizard.

Vanquished Creatures
  2 leopard geckos (D:1)
  3 giant cockroaches
  2 goblins (D:1)
  3 hobgoblins
  3 bats (D:1)
  A frilled lizard (D:1)
  2 kobolds (D:1)
  5 rats (D:1)
21 creatures vanquished.

Notes
Turn   | Place    | Note
-------+----------+-------------------------------------------
     0 | D:1      | syzygy the Hill Orc Wizard began the quest for the Orb.
     0 | D:1      | Reached XP level 1. HP: 14/14 MP: 3/3
   260 | D:1      | Reached skill level 1 in Fighting
   324 | D:1      | Reached XP level 2. HP: 23/23 MP: 3/5
  1087 | D:2      | Reached XP level 3. HP: 29/29 MP: 2/6
  1146 | D:1      | HP: 2/43 [poisoned by an adder]
  1147 | D:1      | Slain by an adder

Vault maps used:
D:1:      sevenhm_arrival_forest_fort_small_3, serial_bayou_crossing
D:2:      nrook_uturn, uniq_terence

Skill      XL: |  1  2 |
---------------+-------+-----
Fighting       | 1 2 |  2.2
Dodging        | |  1.5
Stealth        | |  1.5
Spellcasting   | |  2.4
Conjurations   | |  1.9
Summonings     | |  1.0
Translocations | |  0.7

Action                   || total
-------------------------++-------
Melee: Unarmed           ||    18
       Dagger            ||    48
 Cast: Magic Dart        ||    43
  Use: Potion            ||     1
 Stab: Sleeping          ||     1
Armor: Robe              ||    26
       Skin              ||     2
Dodge: Dodged            ||    64
